 Dungeon Crawl Stone Soup version 0.31-a0-246-g8cbcc1cb85 (webtiles) character file.

Game seed: 3195667166716387607

423 qw the Shooter (level 6, -4/56 HPs)
             Began as a Minotaur Hexslinger on July 12, 2023.
             Slain by an iguana (10 damage)
             ... on level 4 of the Dungeon.
             The game lasted 00:01:11 (2899 turns).

qw the Shooter (Minotaur Hexslinger)                Turns: 2899, Time: 00:01:11

Health: -4/56      AC: 10    Str: 19    XL:     6   Next: 63%
Magic:  6/6        EV: 11    Int: 10    God:
Gold:   33         SH:  0    Dex: 14    Spells: 6/7 levels left

rFire   . . .        Y - +1 sling
rCold   . . .        (no shield)
rNeg    . . .        a - +0 ring mail
rPois   .            (helmet restricted)
rElec   .            (no cloak)
rCorr   .            i - +1 pair of gloves
SInv    .            h - +2 pair of boots
Will    .....        (no amulet)
Stlth   +            d - +6 ring of strength
HPRegen 0.29/turn    (no ring)
MPRegen 0.10/turn

%: no passive effects
@: no status effects
A: horns 2, retaliatory headbutt
a: no special abilities


You were on level 4 of the Dungeon.
You visited 1 branch of the dungeon, and saw 4 of its levels.

You collected 89 gold pieces.
You spent 56 gold pieces at shops.


Innate Abilities, Weirdness & Mutations

You have a pair of horns on your head.
You reflexively headbutt those who attack you in melee.


   Skills:
 - Level 5.3 Fighting
 + Level 6.1 Ranged Weapons
 - Level 1.0 Armour
 - Level 2.1 Dodging
 - Level 1.0 Spellcasting
 - Level 2.0 Hexes


You had 6 spell levels left.
You knew the following spells:

 Your Spells              Type           Power      Damage    Failure   Level
a - Slow                  Hex            16%        N/A       26%         1

Your spell library contained the following spells:

 Spells                   Type           Power      Damage    Failure   Level
 Inner Flame              Hex/Fire       2%         N/A       75%         3
 Portal Projectile        Hex/Tloc       4%         N/A       75%         3
 Cause Fear               Hex            2%         N/A       95%         4

Inventory:

Hand Weapons
 Y - a +1 sling (weapon)
Armour
 a - a +0 ring mail (worn)
 h - a +2 pair of boots (worn)
 i - a +1 pair of gloves (worn)
Jewellery
 d - a +6 ring of strength (left hand)
Scrolls
 g - a scroll of identify
Potions
 b - 2 potions of haste
 c - a potion of magic {unknown}
 e - a potion of mutation
 f - 5 potions of curing
 j - a potion of cancellation {unknown}
 k - a potion of resistance {unknown}

Dungeon Overview and Level Annotations

Branches:
Dungeon (4/15)
 Temple: D:4-7

Altars:
Makhleb
Vehumet

Shops:
D:2 ?


Message History

You shoot a sling bullet.
The sling bullet hits the iguana but does no damage.
You shoot a sling bullet.
The sling bullet completely misses the iguana.
You shoot a sling bullet.
The sling bullet hits the iguana but does no damage.
You shoot a sling bullet.
The sling bullet hits the iguana but does no damage.
The iguana bites you but does no damage.
You shoot a sling bullet.
The sling bullet barely misses the iguana.
The iguana closely misses you.
You shoot a sling bullet. The sling bullet hits the iguana.
The iguana is moderately wounded.
The iguana bites you!
You shoot a sling bullet. The sling bullet hits the iguana.
The iguana is heavily wounded.
The iguana bites you. The iguana bites you!
You shoot a sling bullet. The sling bullet hits the iguana.
The iguana is heavily wounded.
The iguana bites you.
You shoot a sling bullet.
The sling bullet hits the iguana but does no damage.
The iguana is heavily wounded.
The iguana bites you but does no damage.
You shoot a sling bullet. The sling bullet hits the iguana.
The iguana is severely wounded.
The iguana bites you.
You shoot a sling bullet. The sling bullet hits the iguana.
The iguana is severely wounded.
The iguana bites you!
You shoot a sling bullet.
The sling bullet hits the iguana but does no damage.
The iguana is severely wounded.
The iguana closely misses you. The iguana bites you!
You shoot a sling bullet.
The sling bullet hits the iguana but does no damage.
The iguana is severely wounded.
The iguana bites you!
You die...

###. ...# #~.~
###~.~ ..~.~
#~~~###
####.....#####..#
.......@l....#..#
.###..#.)(##.#..#
.......#..#.#..###
.###..#............
#.)..........####
..$.##............
#####
##........)######
#...............
#####.....######


You could see an iguana.

Vanquished Creatures
  Grinder (D:3)
  A phantom (D:4)
  Jessica (D:3)
  Natasha (twice) (D:3)
  3 adders
  An ufetubus (D:3)
  A worm (D:2)
  A dart slug (D:1)
  An orc (D:3)
  4 endoplasms
  3 giant cockroaches
  3 goblins
  8 hobgoblins
  8 jackals
  A quokka (D:3)
  7 ball pythons
  4 bats
  2 frilled lizards (D:2)
  8 kobolds
  4 rats
64 creatures vanquished.

Vanquished Creatures (others)
  Natasha (D:3)
1 creature vanquished.

Grand Total: 65 creatures vanquished

Notes
Turn   | Place    | Note
-------+----------+-------------------------------------------
     0 | D:1      | qw the Minotaur Hexslinger began the quest for the Orb.
     0 | D:1      | Reached XP level 1. HP: 16/16 MP: 1/1
     0 | D:1      | 0 ||| qw: Version: 0.3-a-52-g30416fa
     0 | D:1      | 0 ||| qw: Game counter: 6261
     0 | D:1      | 0 ||| qw: Melee chars always use a shield: true
     0 | D:1      | 0 ||| qw: God list: Okawaru
     0 | D:1      | 0 ||| qw: Allow faded altars: false
     0 | D:1      | 0 ||| qw: Do Orc after clearing Dungeon:15 true
     0 | D:1      | 0 ||| qw: Do second Lair branch before Depths: true
     0 | D:1      | 0 ||| qw: Lair rune preference: random
     0 | D:1      | 0 ||| qw: Goals: Normal
     0 | D:1      | 0 ||| PLANNING D:1-11
   126 | D:1      | Found a faded altar of an unknown god.
   129 | D:1      | Reached skill level 3 in Ranged Weapons
   138 | D:1      | Reached XP level 2. HP: 23/23 MP: 2/2
   749 | D:1      | 749 ||| UPGRADING to +2 pair of boots.
   754 | D:1      | 754 ||| UPGRADING to +1 pair of gloves.
   759 | D:1      | 759 ||| UPGRADING to +0 leather armour.
   769 | D:1      | 769 ||| DROPPING +0 robe.
   770 | D:1      | 770 ||| READING scroll labelled GATTAR JELAZI.
   771 | D:1      | 771 ||| READING scroll labelled LOXTOT XEATIYT.
   772 | D:1      | 772 ||| READING 2 scrolls labelled HAUWNU HOSO.
   773 | D:1      | 773 ||| READING scroll labelled XECRIPTYJIG.
   778 | D:1      | 778 ||| DRINKING 2 amethyst potions.
   779 | D:1      | 779 ||| DROPPING scroll of poison.
  1013 | D:2      | Reached XP level 3. HP: 29/29 MP: 3/3
  1108 | D:2      | You fall into a shaft and drop 2 floors!
  1112 | D:4      | 1112 ||| UPGRADING to +0 ring mail.
  1122 | D:4      | 1122 ||| DROPPING +0 leather armour.
  1129 | D:4      | 1129 ||| FLEEEEING.
  1130 | D:4      | 1130 ||| STAIRDANCE
  1134 | D:4      | 1134 ||| STAIRDANCE
  1177 | D:3      | 1177 ||| READING 2 scrolls of identify.
  1177 | D:3      | 1177 ||| IDENTIFYING fuming green potion
  1178 | D:3      | 1178 ||| DROPPING potion of invisibility.
  1184 | D:3      | 1184 ||| FLEEEEING.
  1185 | D:3      | 1185 ||| FLEEEEING.
  1186 | D:3      | 1186 ||| FLEEEEING.
  1187 | D:3      | 1187 ||| STAIRDANCE
  1222 | D:2      | Reached skill level 1 in Armour
  1254 | D:2      | Reached skill level 4 in Ranged Weapons
  1485 | D:2      | Found Riul's Magic Scroll Boutique.
  1488 | D:2      | 1488 ||| SHOPLISTING scroll of brand weapon (133 gold, have
                  | 56).
  1488 | D:2      | 1488 ||| SHOPLISTING scroll of enchant armour (105 gold,
                  | have 56).
  1488 | D:2      | 1488 ||| BUYING scroll of identify (28 gold).
  1488 | D:2      | Bought a scroll of identify for 28 gold pieces
  1488 | D:2      | 1488 ||| BUYING scroll of identify (28 gold).
  1488 | D:2      | Bought a scroll of identify for 28 gold pieces
  1488 | D:2      | 1488 ||| SHOPLISTING scroll of identify (28 gold, have 0).
  1765 | D:2      | 1765 ||| UPGRADING to +6 ring of strength.
  1766 | D:2      | 1766 ||| READING scroll labelled ZET NAHEAQ.
  1767 | D:2      | 1767 ||| READING 3 scrolls of identify.
  1767 | D:2      | 1767 ||| IDENTIFYING smoky blue potion
  1768 | D:2      | 1768 ||| READING 2 scrolls of identify.
  1768 | D:2      | 1768 ||| IDENTIFYING metallic coppery potion
  1911 | D:3      | Reached XP level 4. HP: 36/36 MP: 4/4
  1918 | D:3      | Noticed Natasha
  1921 | D:3      | 1921 ||| Stepping ~*~*~tactically~*~*~ (outnumbered).
  1928 | D:3      | HP: 6/36 [something (6)]
  1929 | D:3      | 1929 ||| DRINKING potion of heal wounds.
  1937 | D:3      | Killed Natasha
  2040 | D:3      | Found a burning altar of Makhleb.
  2051 | D:3      | Reached skill level 5 in Ranged Weapons
  2066 | D:3      | Noticed Grinder
  2073 | D:3      | Paralysed by Grinder for 5 turns
  2091 | D:3      | Killed Grinder
  2092 | D:3      | Reached XP level 5. HP: 26/48 MP: 5/5
  2092 | D:3      | Reached XP level 6. HP: 31/56 MP: 6/6
  2327 | D:3      | Noticed Natasha
  2353 | D:3      | HP: 13/56 [cerulean imp/+2 spear[Natasha] (2)]
  2354 | D:3      | 2354 ||| DRINKING potion of heal wounds.
  2357 | D:3      | Killed Natasha
  2470 | D:3      | Killed Natasha
  2586 | D:3      | Noticed Jessica
  2593 | D:3      | Killed Jessica
  2691 | D:3      | Found a radiant altar of Vehumet.
  2735 | D:3      | 2735 ||| READING scroll labelled TARYKH URETHOOTH.
  2736 | D:3      | 2736 ||| DRINKING 3 orange potions.
  2799 | D:4      | Reached skill level 6 in Ranged Weapons
  2898 | D:4      | HP: 6/56 [iguana (11)]
  2899 | D:4      | Slain by an iguana

Levels and vault maps discovered:
D:1:      minmay_arrival_five_plusses, layout_loops_ring, serial_forest,
          infiniplex_forest_fountain, infiniplex_forest_straight_4,
          infiniplex_forest_lined_3, infiniplex_forest_lined_room_,
          infiniplex_forest_lined_room_, infiniplex_forest_lined_2,
          infiniplex_forest_clump_tiny, infiniplex_forest_lined_3_way,
          nicolae_ecumenical_snake_handling
D:2:      layout_basic, serial_shops, nicolae_shop_real_fake_doors
D:3:      minmay_general_purpose_star, layout_rooms,
          nicolae_overflow_crystal_walls, fiery_altar_vehumet, uniq_jessica,
          uniq_natasha, uniq_grinder
D:4:      layout_loops_ring, chequers_serial_rivers_micro_d,
          minmay_manual_monstrance

Skill      XL: |  1  2  3  4  5  6 |
---------------+-------------------+-----
Ranged Weapons | 3 4 5 6 |  6.1
Fighting       | 2 5 |  5.3
Armour         | 1 |  1.0
Dodging        | |  2.1
Spellcasting   | |  1.0
Hexes          | |  2.0

Action                     |  1- 3 |  4- 6 || total
---------------------------+-------+-------++-------
   Fire: Sling             |   111 |   163 ||   274
    Use: Scroll            |     8 |     1 ||     9
         Potion            |     1 |     3 ||     4
 Armour: Robe              |     1 |       ||     1
         Ring mail         |    25 |    75 ||   100
  Dodge: Dodged            |    27 |    58 ||    85

Table legend:
 A = Non-vault XP
 B = Vault XP
 C = Vault XP percentage of total XP
 D = Non-vault monster count
 E = Vault monster count
 F = Vault count percentage of total count
                 A         B        C        D         E       F
            +---------+---------+-------+---------+---------+-------
      Total |     275 |     330 |  54.5 |      57 |       7 |  10.9
            +---------+---------+-------+---------+---------+-------
        D:1 |      20 |       5 |  20.0 |      11 |       3 |  21.4
        D:2 |      60 |       0 |   0.0 |      21 |       0 |   0.0
        D:3 |      82 |     325 |  79.9 |      17 |       4 |  19.0
        D:4 |     113 |       0 |   0.0 |       8 |       0 |   0.0
            +---------+---------+-------+---------+---------+-------
